AoeStats
← Dropkick Goose

Four Lakes

509965152Analyzed
1v1 RM · 4d ago on Sep 28, 2026· 25m 49s· 2 players
Game mode
Random Map
Map size
Tiny (2 player)
Population
200
Speed
Normal
Resources
Standard
Victory
Conquest
Starting age
Dark Age
Ending age
Imperial Age
RankedLock teamsTeams togetherTeam positionsShared explorationLock speedFull tech treeHidden civsTurbo modeCheats
Victory
Defeat
🇲🇽 Vikings · Mexico
954
+16
🇺🇸 Lithuanians · United States
952
-46
Dropkick Goose
5:36 Loom
12:23 Feudal Age
13:00 Double-Bit Axe
13:21 Fishing Lines
15:26 Forging
15:25 Scale Barding Armor
15:50 Bloodlines
16:19 Wheelbarrow
15:51 Gold Mining
20:55 Castle Age
22:12 Bow Saw
21:44 Horse Collar
21:32 Light Cavalry
22:43 Stone Mining
23:02 Husbandry
24:30 Iron Casting
25:04 Chain Barding Armor
Winnie The Pooh
9:18 Loom
11:04 Feudal Age
11:55 Double-Bit Axe
11:37 Man-at-Arms
12:28 Fishing Lines
15:00 Scale Mail Armor
19:51 Castle Age
18:06 Forging
18:13 Stone Mining
19:06 Gold Mining
20:14 Long Swordsman
20:56 Squires
21:52 Fletching
22:21 Bow Saw
21:59 Crossbowman
23:21 Bodkin Arrow
24:13 Gold Shaft Mining
24:15 Gillnets
Connection lost

Rejoining the realm…

Still unreachable

The connection could not be restored.

Session expired

The server has moved on; the page needs a fresh start.